 Dungeon Crawl Stone Soup version 0.18-a0-1683-gf9322e6 (webtiles) character file.

14191 namelastname112 the Carver (level 11, -3/99 HPs)
             Began as a White Draconian Berserker on Apr 3, 2016.
             Was a High Priest of Trog.
             Hit by a stone thrown by a vault guard (14 damage)
             ... on level 13 of the Dungeon.
             The game lasted 00:14:56 (11821 turns).

namelastname112 the Carver (DrBe)                  Turns: 11821, Time: 00:14:57

Health: -3/99      AC: 10    Str: 18    XL:     11   Next: 85%
Magic:  13/13      EV: 21    Int:  7    God:    Trog [*****.]
Gold:   285        SH:  3    Dex: 14    Spells: 0 memorised, 10 levels left

rFire  + . .     SeeInvis .     a - +2 double sword (drain)
rCold  + . .     Gourm    .     (armour unavailable)
rNeg   . . .     Faith    .     (no shield)
rPois  .         Spirit   .     (helmet restricted)
rElec  +         Dismiss  .     C - +1 cloak
rCorr  .         Reflect  +     q - +0 pair of gloves
SustAt .         Harm     .     (no boots)
MR     .....                    m - +3 amulet of reflection
Stlth  +.........               O - ring of the Heavens {rElec rF+ Str-2}
                                n - +4 ring of evasion

@: slowed, very slow, not resistant to hostile enchantments, very unstealthy
A: breathe frost, unfitting armour, cold resistance 1, cold-blooded, AC +7
a: Breathe Frost, Berserk, Trog's Hand, Brothers in Arms, Burn Spellbooks,
Renounce Religion


You were on level 13 of the Dungeon.
You worshipped Trog.
Trog was extremely pleased with you.
You were not hungry.

You visited 1 branch of the dungeon, and saw 13 of its levels.

You collected 790 gold pieces.
You spent 505 gold pieces at shops.

Inventory:

Hand Weapons
 a - a +2 double sword of draining (weapon)
Armour
 o - a +0 large shield
 q - a +0 pair of gloves (worn)
 C - a +1 cloak (worn)
Jewellery
 m - a +3 amulet of reflection (around neck)
 n - a +4 ring of evasion (left hand)
 F - an uncursed ring of see invisible
 K - an uncursed ring of flight
 O - the ring of the Heavens (right hand) {rElec rF+ Str-2}
   (You bought it in a shop on level 7 of the Dungeon)

   [ring of strength]

   It affects your strength (-2).
   It protects you from fire.
   It insulates you from electricity.
 U - an uncursed amulet of the gourmand
 X - an uncursed ring of positive energy
Wands
 l - a wand of enslavement (17/24)
 s - a wand of iceblast (5/15)
 y - a wand of flame (20/48)
 B - a wand of digging (17/24)
 D - a wand of iceblast (7/15)
 I - a wand of digging (16/24)
 L - a wand of lightning (2/15)
 N - a wand of flame (23/48)
 P - a wand of flame (23/48)
 Q - a wand of iceblast (7/15)
 R - a wand of flame (29/48)
Scrolls
 c - 3 scrolls of amnesia
 d - a scroll of identify
 e - a scroll of fog
 f - 8 scrolls of remove curse
 k - a scroll of enchant armour
 p - a scroll of fear
 t - a scroll of brand weapon {unknown}
 u - 3 scrolls of recharging
 x - 2 scrolls of magic mapping
 W - a scroll of teleportation
Potions
 i - a potion of haste
 j - 4 potions of curing
 r - 3 potions of berserk rage
 v - a potion of flight
 w - a potion of heal wounds
 z - a potion of might
 A - a potion of ambrosia
 J - 2 potions of agility
 M - 3 potions of brilliance
Books
 G - a book of Party Tricks

   Spells                             Type                      Level
   a - Summon Butterflies             Summoning                    1
   b - Apportation                    Translocation                1
   c - Tukima's Dance                 Hexes                        3
   d - Alistair's Intoxication        Transmutation/Poison         5
   e - Invisibility                   Hexes                        6
   Trog disapproves of the use of such an item.
Miscellaneous
 h - a fan of gales
Comestibles
 b - 9 bread rations
 g - 25 fruits
 S - 2 meat rations
 T - a beef jerky


   Skills:
 + Level 10.0 Fighting
 * Level 12.1 Long Blades
 + Level 8.4 Dodging
 + Level 8.5 Shields
 + Level 3.3 Evocations


You had 10 spell levels left.
You didn't know any spells.

Dungeon Overview and Level Annotations

Branches:
Dungeon (13/15)            Temple (0/1) D:4            Lair (0/8) D:11
    Orc (0/2) D:11
 Vaults: D:13-14

Altars:
Kikubaaqudgha
Pakellas
Qazlal
Sif Muna
Yredelemnul
Zin

Shops:
D:7 =   D:10 (

Annotations:
D:11 Sonja


Innate Abilities, Weirdness & Mutations

You can breathe waves of freezing cold.
You can buffet flying creatures when you breathe cold.
Your icy white scales are hard (AC +7).
Your body does not fit into most forms of armour.
Your flesh is cold resistant.
You are cold-blooded and may be slowed by cold attacks.


Message History

You kill the worker ant!
Trog accepts your kill.
The vault guard throws a stone.
The stone hits you but does no damage.
A scorpion comes into view.
The vault guard throws a stone.
The stone hits you but does no damage.
The vault guard throws a stone.
The stone misses you.
You see here a stone.
The vault guard hits you from afar with a halberd!!
The vault guard hits you with a great mace!!
* * * LOW HITPOINT WARNING * * *
The vault guard hits you from afar with a halberd.
* * * LOW HITPOINT WARNING * * *
You are too injured to fight recklessly!
You are too injured to fight recklessly!
You are too injured to fight recklessly!
You are too injured to fight recklessly!
You are too injured to fight recklessly!
You are too injured to fight recklessly!
The vault guard throws a stone.
The stone hits you!
You die...

... . .
#<#..#...PPP
##...#
##.##.#.(.......
.. #
#...........>.# ..
####.##(#..##.##
..) #. #(#..#....
#.##(#.......
#..)(.).#...
........#(#.......
.....##.#@.......(
.### #.#....#....
#.#p#.## ...
#.#p#.# ## #..s..#
###.### ... #.#
#..


You could see 2 vault guards and a scorpion.

Vanquished Creatures
  A centaur warrior (D:13)
  Erica (D:11)
  Nergalle (D:11)
  A hill giant (D:12)
  An ugly thing (D:11)
  Pikel (D:3)
  A manticore (D:13)
  A deep elf mage (D:12)
  A centaur skeleton (D:13)
  3 centaur zombies
  A gargoyle (D:10)
  15 yaks
  A wraith (D:13)
  2 wyverns
  Grum (D:9)
  A hungry ghost (D:13)
  3 hippogriffs
  Menkaure (D:4)
  A soldier ant (D:13)
  An ice beast (D:11)
  A black bear (D:11)
  6 ogres
  2 sky beasts
  6 orc warriors
  2 slaves (D:3)
  2 necrophages
  An eye of draining (D:12)
  2 phantoms (D:10)
  4 centaurs
  A crocodile (D:8)
  3 wolves (D:9)
  2 big kobolds
  7 giant frogs
  A gnoll sergeant (D:9)
  2 scorpions
  2 electric eels (D:12)
  4 wights (D:6)
  3 howler monkeys
  4 crimson imps
  A giant frog zombie (D:7)
  5 orc priests
  6 hounds
  13 orc wizards
  Crazy Yiuf (D:6)
  2 gnoll shamans (D:6)
  2 giant frog skeletons
  4 iguanas
  9 worker ants
  A killer bee zombie (D:8)
  A hound zombie (D:8)
  A hound skeleton (D:7)
  A howler monkey skeleton (D:10)
  8 adders
  8 gnolls
  3 shadow imps
  2 oozes
  An adder zombie (D:7)
  3 adder skeletons
  4 worms
  3 dart slugs
  6 giant geckos
  41 orcs
  2 ball pythons
  A giant cockroach (D:3)
  4 goblins
  4 hobgoblins
  4 jackals (D:3)
  3 quokkas
  6 bats
  A giant newt (D:1)
  11 kobolds
  2 quokka skeletons (D:4)
  A rat (D:1)
259 creatures vanquished.

Vanquished Creatures (others)
  A plant (D:11)
1 creature vanquished.

Grand Total: 260 creatures vanquished

Notes
Turn   | Place    | Note
--------------------------------------------------------------
     0 | D:1      | namelastname112 the Draconian Berserker began the quest for the Orb.
     0 | D:1      | Reached XP level 1. HP: 19/19 MP: 1/1
   354 | D:1      | Reached XP level 2. HP: 26/26 MP: 2/2
  1089 | D:2      | Reached XP level 3. HP: 21/31 MP: 3/3
  1203 | D:2      | Reached ** piety under Trog
  1586 | D:3      | Reached XP level 4. HP: 18/40 MP: 4/4
  1832 | D:3      | Reached skill level 4 in Long Blades
  2170 | D:4      | Found a staircase to the Ecumenical Temple.
  2170 | D:4      | Noticed Pikel
  2170 | D:4      | Noticed a slave
  2170 | D:4      | Noticed a slave
  2170 | D:4      | Noticed a slave
  2170 | D:4      | Noticed a slave
  2185 | D:3      | Killed a slave
  2296 | D:3      | Killed a slave
  2300 | D:3      | Killed Pikel
  2300 | D:3      | Reached skill level 5 in Long Blades
  2300 | D:3      | Reached XP level 5. HP: 22/47 MP: 5/5
  2300 | D:3      | Reached XP level 6. HP: 26/55 MP: 6/6
  2534 | D:4      | Your scales start taking on an icy white colour.
  2534 | D:4      | Reached XP level 7. HP: 55/60 MP: 7/7
  2534 | D:4      | Gained mutation: Your flesh is cold resistant. [White Draconian growth]
  2560 | D:4      | Noticed Menkaure
  2570 | D:4      | Killed Menkaure
  2570 | D:4      | Reached skill level 5 in Fighting
  2903 | D:4      | Reached skill level 6 in Long Blades
  3060 | D:4      | Reached *** piety under Trog
  3146 | D:5      | Entered Level 5 of the Dungeon
  3561 | D:5      | Reached XP level 8. HP: 61/70 MP: 8/8
  4077 | D:6      | Reached skill level 5 in Dodging
  4120 | D:6      | Noticed Crazy Yiuf
  4125 | D:6      | Killed Crazy Yiuf
  4167 | D:6      | Reached skill level 7 in Long Blades
  4842 | D:7      | Found an oddly glowing altar of Pakellas.
  5078 | D:7      | Reached skill level 5 in Shields
  5078 | D:7      | Reached XP level 9. HP: 57/78 MP: 9/9
  5142 | D:7      | Found Qeawiu's Jewellery Boutique.
  5147 | D:7      | Bought the cursed ring of the Heavens {rElec rF+ Str-2} for 175 gold pieces
  5289 | D:7      | Reached skill level 8 in Long Blades
  5591 | D:8      | Found a deep blue altar of Sif Muna.
  6307 | D:8      | Found a glowing silver altar of Zin.
  6487 | D:8      | Reached **** piety under Trog
  7016 | D:9      | Reached skill level 9 in Long Blades
  7272 | D:9      | Noticed Grum
  7291 | D:9      | Killed Grum
  7613 | D:9      | Found an ancient bone altar of Kikubaaqudgha.
  7672 | D:9      | Found a stormy altar of Qazlal.
  7673 | D:9      | Found a basalt altar of Yredelemnul.
  7695 | D:9      | Reached XP level 10. HP: 58/88 MP: 10/10
  7701 | D:9      | Reached ***** piety under Trog
  7941 | D:10     | Entered Level 10 of the Dungeon
  7984 | D:10     | Found Fiajir's Antique Weapon Emporium.
  7987 | D:10     | Noticed a gargoyle
  8003 | D:10     | Killed a gargoyle
  8005 | D:10     | HP: 4/88 [iguana (9)]
  8327 | D:10     | Bought a glowing double sword for 330 gold pieces
  8506 | D:10     | Reached skill level 10 in Long Blades
  9279 | D:11     | Noticed Sonja
  9295 | D:11     | HP: 1/90 [ogre/giant club (11)]
  9696 | D:11     | Noticed Erica
  9706 | D:11     | Killed Erica
  9746 | D:11     | Found a staircase to the Lair.
  9787 | D:11     | Noticed Nergalle
  9803 | D:11     | Killed Nergalle
  9803 | D:11     | Reached skill level 11 in Long Blades
  9803 | D:11     | Reached XP level 11. HP: 97/97 MP: 11/11
  9981 | D:11     | Noticed a red ugly thing
  9994 | D:11     | Killed a red ugly thing
 10318 | D:11     | Reached skill level 1 in Evocations
 10492 | D:11     | Found a staircase to the Orcish Mines.
 10625 | D:12     | Noticed a hill giant
 10634 | D:12     | Killed a hill giant
 10799 | D:12     | Received a gift from Trog
 11156 | D:12     | Noticed a deep elf mage
 11164 | D:12     | Killed a deep elf mage
 11737 | D:13     | Noticed a centaur warrior
 11745 | D:13     | Killed a centaur warrior
 11745 | D:13     | Reached skill level 12 in Long Blades
 11771 | D:13     | Reached skill level 10 in Fighting
 11814 | D:13     | Noticed a vault guard
 11818 | D:13     | Noticed a vault guard
 11821 | D:13     | Hit by a stone thrown by a vault guard

Vault maps used:
D:1:      minmay_arrival_solitary_statue, serial_glass, glass_columns_b,
          glass_columns_b
D:3:      first_bread
D:4:      uniq_pikel, uniq_menkaure
D:6:      uniq_crazy_yiuf_cottage
D:7:      johnstein_pakellas_dig, serial_shops, kennysheep_little_box
D:8:      led_sif_book, zin_statuary, serial_co_window_serial,
          co_window_corner_a, co_window_of_opportunity_a,
          co_window_of_opportunity_a, co_window_corner_a, co_window_corner_a,
          co_window_paths_c, co_window_of_opportunity_b, co_window_2corner,
          co_window_unsneaky_path_b, co_window_of_opportunity_c,
          co_window_4corner_a, glass_columns_a, glass_columns_a,
          glass_columns_a, glass_columns_a, blue_anna_alchemist
D:9:      gammafunk_temple_overflow_pools, nicolae_overflow_hidden_temple,
          old_standard_altar, uniq_maurice, uniq_grum
D:10:     serial_shops, shop
D:11:     dpeg_oklobed_lair, david_orc_4, uniq_nergalle, uniq_sonja, uniq_erica
D:12:     minivault_4, grunt_decor_one_mirror
D:13:     lightli_vaults_fourway_checkpoint, minmay_hedge_maze,
          minmay_gold_behind_fungi

Skill      XL: |  1  2  3  4  5  6  7  8  9 10 11 |
---------------+----------------------------------+-----
Dodging        | 3 4 5 6 7 8 |  8.4
Long Blades    | 5 6 7 9 11 12 | 12.1
Fighting       | 4 5 6 7 9 10 | 10.0
Shields        | 2 3 5 6 7 8 |  8.5
Evocations     | 3 |  3.3

Action                   |  1- 3 |  4- 6 |  7- 9 | 10-12 || total
-------------------------+-------+-------+-------+-------++-------
Melee: Falchion          |   117 |    53 |   499 |       ||   669
       Scimitar          |       |       |    92 |    23 ||   115
       Double sword      |       |       |       |   333 ||   333
Invok: Berserk           |       |     1 |     8 |     5 ||    14
       Trog's Hand       |       |       |     3 |     2 ||     5
       Burn Spellbooks   |       |       |     1 |       ||     1
 Abil: Breathe Frost     |       |       |     8 |     2 ||    10
  Use: Scroll            |       |       |       |    23 ||    23
       Potion            |       |       |       |     2 ||     2
 Stab: Sleeping          |       |       |     3 |     1 ||     4
  Eat: Chunk             |     2 |     4 |    20 |    26 ||    52
       Beef jerky        |       |       |     1 |       ||     1
       Fruit             |       |       |     1 |       ||     1
       Meat ration       |       |       |     1 |       ||     1
